Paep, lawful female human Valkyrie ------- |$[<%.| 1 |.---.| 1 |.|*..| |.|.--| | |.|...|}--------------- |----.|}}}}}}|)..%..%@|2222222@@ |...%.|.....}|)%....E%| 2323222 |.---.|...%.}|!.......|- |.|...|.....}.%..{..%A2.12 12 |.-----.....}|).......|-- |*..........}|........|222 232 |.-----}}}}}}|.[......|2 22222 |[..|.|}--------------- |--.|.| | 2 2 |.|.|.| |.|.|.| |.....| ------- Paep the Swashbuckler Experience level: 18 Strength: 16 Dexterity: 16 Constitution: 18 Intelligence: 8 Wisdom: 10 Charisma: 9 Health: 0(133) Energy: 56(56) Def: 9 Gold: 0 Moves: 28695 Dungeon seed: CKeYCaqwInjifgRy Game ID: Paep_1512937120 Your Inventory: Amulets h - an uncursed amulet of magical breathing w - an uncursed amulet of reflection (being worn) Weapons a - the blessed rustproof +5 Excalibur (weapon in hand) c - an uncursed thoroughly rusty -4 orcish dagger l - 19 uncursed very rusty +0 darts (in quiver) Armor e - an uncursed burnt +4 small shield (being worn) n - an uncursed thoroughly rusty +0 plate mail (being worn) q - an uncursed thoroughly rusty thoroughly corroded +0 orcish helm of displacement (being worn) r - an uncursed +0 pair of leather gloves (being worn) N - a blessed thoroughly rusty +0 pair of iron shoes (being worn) Comestibles g - 2 uncursed food rations j - an uncursed apple s - an uncursed cram ration P - an uncursed clove of garlic W - an uncursed lizard corpse Potions L - an uncursed potion of water Rings y - an uncursed ring of free action (on left hand) C - an uncursed ring of teleport control (on right hand) Wands t - an uncursed thoroughly rusty wand of magic missile (0:3) u - a blessed wand of digging (0:7) A - an uncursed wand of cancellation (0:3) F - an uncursed wand of teleportation (0:4) H - an uncursed wand of digging (0:1) K - an uncursed thoroughly rusty wand of striking (0:1) O - an uncursed wand of digging (0:3) T - an uncursed wand of teleportation (0:2) V - an uncursed wand of fire (0:0) Tools d - an uncursed oil lamp (0:0) i - an uncursed sack named carry bag k - an uncursed magic whistle x - an uncursed credit card B - an uncursed towel D - the blessed Orb of Fate (0:5) E - an uncursed blindfold G - an uncursed thoroughly rusty stethoscope I - the uncursed Bell of Opening (0:1) Contents of the sack named carry bag: an uncursed lembas wafer an uncursed lizard corpse an uncursed potion of water 2 uncursed potions of water an uncursed ring of fire immunity an uncursed thoroughly rusty +2 ring of increase accuracy an uncursed thoroughly rusty +1 ring of protection an uncursed ring of slow digestion Spells and supernatural/magical abilities: Spells marked with '*' are forgotten. Spells marked with '!' are maintained. Spells marked with '#' are aliased with 'castalias'. Name Level Category Fail Memory W - pray for help -- divine ? -- Your skills at the end: Fighting Skills wands [Basic] Weapon Skills dagger [Basic] long sword [Expert] Spellcasting Skills Final Attributes: You were immune to cold. You were sleep resistant. You were poison resistant. You were level-drain resistant. You were telepathic. You were warned. You were displaced. You were stealthy. You had teleport control. You were fast. You had reflection. You had free action. You were lucky. You had extra luck. Good luck did not time out for you. You angered your god 11446 turns ago. Tyr was angry with you. You are dead. Vanquished creatures: Medusa a green dragon Lord Surtur a demilich 4 stone golems a master mind flayer a titanothere a vampire lord 2 liches a nurse a lurker above an Aleax 3 ettins 31 black puddings 4 vampires 3 ghosts 3 lieutenants a monk a winged gargoyle 2 giant mimics a zruty 34 fire giants 6 ogre kings 10 ice trolls a rock troll an umber hulk 3 flesh golems 2 large mimics a fire vortex 3 long worms a couatl 4 stalkers 2 air elementals a fire elemental an earth elemental 2 giant mummies a xorn 2 elf-lords 2 sergeants a warg 5 small mimics 2 warhorses 5 xans 4 ettin mummies 3 quantum mechanics 3 trolls 3 wood golems 2 sharks 6 electric eels 5 gelatinous cubes 2 pyrolisks a large dog 4 freezing spheres 2 flaming spheres 3 shocking spheres 2 tigers 2 gargoyles a leocrotta 2 energy vortices a mountain centaur 3 stone giants 3 elf mummies 4 human mummies a red naga 5 cobras a wraith a carnivorous ape 2 leather golems 3 Grey-elves 9 soldiers a crocodile 3 giant beetles 5 quivering blobs 4 cockatrices 10 wolves 4 winter wolf cubs a lynx 2 panthers 19 gremlins a spotted jelly 16 leprechauns 3 orc-captains 2 iron piercers 4 giant spiders 2 scorpions 4 horses 2 ice vortices 4 black lights 4 vampire bats 2 gnome kings 4 orc mummies 4 dwarf mummies 6 ogres 3 brown puddings 4 rust monsters 4 owlbears 4 yetis a gold golem a werewolf 7 Green-elves 2 giant eels 10 lizards 2 warriors 5 dogs 4 dingos 3 housecats 4 jaguars a dwarf lord 4 blue jellies a gray unicorn 5 dust vortices 3 ravens 2 plains centaurs 4 gnome mummies a water moccasin 4 apes 6 human zombies 2 rope golems 2 Woodland-elves 7 soldier ants 122 fire ants a bugbear an imp 6 quasits 4 wood nymphs 2 water nymphs 3 mountain nymphs 11 Mordor orcs 28 Uruk-hai an orc shaman 6 rock piercers 4 rock moles a pony 6 fog clouds 4 yellow lights 4 shriekers a violet fungus 13 gnome lords 3 gnomish wizards 2 kobold mummies a red naga hatchling a golden naga hatchling 5 gray oozes 2 barrow wights 8 elf zombies 2 ghouls 2 straw golems 2 paper golems 2 jellyfish 2 baby crocodiles 8 giant ants 10 floating eyes 8 dwarves 4 homunculi a kobold lord a kobold shaman 33 hill orcs 17 rothes 4 centipedes 4 giant bats 3 monkeys 2 orc zombies 16 dwarf zombies 2 wererats a werejackal 7 iguanas 32 killer bees 9 acid blobs 8 coyotes 9 gas spores 2 hobbits 6 manes 4 large kobolds 3 hobgoblins 9 giant rats 7 cave spiders 3 brown molds 7 yellow molds 3 green molds 3 red molds 54 gnomes 6 gnome zombies 15 geckos 11 jackals 2 foxes 5 kobolds 3 goblins 4 sewer rats 12 grid bugs 4 bats 4 lichens 8 kobold zombies 11 newts 1051 creatures vanquished. Genocided or extinct species: fire ants (extinct) 1 species extinct. Voluntary challenges: You had been an atheist until turn 2563. You used a wielded weapon 1922 times, starting on turn 120. You read items or engraved 41 times, starting on turn 1502. You never genocided any monsters. You never polymorphed an object. You changed form 2 times, starting on turn 6898. You used no wishes. You split 29 puddings, starting on turn 14211. You wrote Elbereth's name 9 times, starting on turn 2638. You violated your moral code, losing 43 points of alignment, starting on turn 7483. Dungeon overview: The Dungeons of Doom: levels 1 to 27 Level 1 a fountain, a vault a long staircase Level 2 a general store, a fountain Level 3 a vault Level 4 a general store, a fountain stairs to The Gnomish Mines Level 5 some fountains, a sink, a vault Level 6 many fountains Level 7 a general store, some fountains, a vault stairs to Sokoban Level 8 a vault Level 9 a general store, some altars to Tyr and Odin, a vault Level 10 a fountain Level 11 Level 12 portal to The Quest Level 13 a fountain Level 14 a fountain Level 15 Level 16 Level 17 a fountain Level 18 an altar to Odin, a fountain Level 19 an altar to Loki, a vault Level 20 an altar to Tyr, a fountain, a vault Level 21 a fountain, a vault Level 22 an altar to Odin, some fountains Level 23 some fountains Level 24 Level 25 a fountain, a vault Level 26 Level 27 <- You were here a fountain The Gnomish Mines: levels 5 to 13 Level 5 stairs to The Dungeons of Doom Level 6 Level 7 some shops, a temple to Loki, some fountains, some trees Level 8 Level 9 Level 10 Level 11 Level 12 Level 13 some fountains The Quest: levels 1 to 5 Level 1 a fountain portal to The Dungeons of Doom Level 2 Level 3 Level 4 Level 5 Sokoban: levels 3 to 6 Level 3 Level 4 Level 5 Level 6 stairs to The Dungeons of Doom History has recorded: On T:1 you entered the Dungeons of Doom to retrieve the Amulet of Yendor! On T:2 you reached level 2 of The Dungeons of Doom. On T:621 you reached level 3 of The Dungeons of Doom. On T:625 you advanced to experience level 2. On T:870 you advanced to experience level 3. On T:1063 you reached level 4 of The Dungeons of Doom. On T:1589 you advanced to experience level 4. On T:1650 you reached level 1 of The Gnomish Mines. On T:1856 you advanced to experience level 5. On T:2027 you reached level 2 of The Gnomish Mines. On T:2364 you reached level 3 of The Gnomish Mines. On T:2465 you advanced to experience level 6. On T:3056 you reached level 5 of The Dungeons of Doom. On T:3443 you reached level 6 of The Dungeons of Doom. On T:3809 you advanced to experience level 7. On T:3901 you reached level 7 of The Dungeons of Doom. On T:4156 you reached level 8 of The Dungeons of Doom. On T:4466 you reached level 9 of The Dungeons of Doom. On T:5197 you received advice from The Oracle On T:5198 you received advice from The Oracle On T:5363 you reached level 10 of The Dungeons of Doom. On T:5623 you reached level 11 of The Dungeons of Doom. On T:5949 you reached level 12 of The Dungeons of Doom. On T:6010 you advanced to experience level 8. On T:6163 you reached level 1 of The Quest. On T:6548 you reached level 13 of The Dungeons of Doom. On T:6630 you advanced to experience level 9. On T:7155 you reached level 14 of The Dungeons of Doom. On T:7526 you reached level 15 of The Dungeons of Doom. On T:7560 you reached level 16 of The Dungeons of Doom. On T:8094 you advanced to experience level 10. On T:9043 you reached level 17 of The Dungeons of Doom. On T:9472 you reached level 18 of The Dungeons of Doom. On T:9769 you reached level 4 of Sokoban. On T:10005 you reached level 3 of Sokoban. On T:10480 you reached level 2 of Sokoban. On T:10880 you reached level 1 of Sokoban. On T:12294 you reached level 4 of The Gnomish Mines. On T:12391 you reached level 5 of The Gnomish Mines. On T:12421 you reached level 6 of The Gnomish Mines. On T:13185 you reached level 7 of The Gnomish Mines. On T:13454 you reached level 8 of The Gnomish Mines. On T:13748 you reached level 9 of The Gnomish Mines. On T:13839 you advanced to experience level 11. On T:16833 you reached level 19 of The Dungeons of Doom. On T:17218 you reached level 20 of The Dungeons of Doom. On T:17687 you advanced to experience level 12. On T:17844 you reached level 21 of The Dungeons of Doom. On T:18038 you advanced to experience level 13. On T:18257 you reached level 22 of The Dungeons of Doom. On T:18339 you reached level 23 of The Dungeons of Doom. On T:18856 you reached level 24 of The Dungeons of Doom. On T:19153 you reached level 25 of The Dungeons of Doom. On T:19278 you advanced to experience level 14. On T:19556 you reached level 26 of The Dungeons of Doom. On T:20564 you advanced to experience level 15. On T:21791 you embarked upon an epic quest. On T:21840 you reached level 2 of The Quest. On T:22099 you reached level 3 of The Quest. On T:22903 you advanced to experience level 16. On T:22913 you reached level 4 of The Quest. On T:23062 you reached level 5 of The Quest. On T:24024 you killed Lord Surtur on level 5 of The Quest. On T:24316 you completed the quest! On T:25813 you advanced to experience level 17. On T:28174 you killed Medusa on level 26 of The Dungeons of Doom. On T:28175 you advanced to experience level 18. On T:28340 you reached The Castle. Score breakdown: Gold: 0 ( 0 points) Experience: 18 levels (22969 points) Exploration: 27 levels ( 52.94%) (21633 points) Discoveries: 63 items ( 25.30%) (15090 points) Valuables value: (no points given unless you survive) Artifact value: 12500 (13936 points) Variety of kills: 193 monsters ( 50.79%) (21380 points) Turncount: 28695 turns (-3935 points) Survival: died (score multiplied by 80%) Total score: 72858 Latest messages: You hit the ice troll! You kill the ice troll! The gray unicorn strikes at your displaced image and misses you! (2x) The ice troll picks up a few items from the floor. The rust monster touches you! Your plate mail looks completely rusted. The rust monster touches you! Your plate mail looks completely rusted. The gray unicorn butts the fire elemental. The gray unicorn misses the fire elemental. The gray unicorn is suddenly very hot! The gray unicorn is killed! The rust monster touches you! Your plate mail looks completely rusted. The rust monster just misses! You kill the rust monster! Your Excalibur is not affected. The ice troll zaps herself with a wand of polymorph! You hit the fire elemental! (2x) You are suddenly very hot! You die... Final status: Farvel Paep the Valkyrie, killed by a fire elemental... You died in The Dungeons of Doom on dungeon level 27 with 72858 points, and 0 pieces of gold, after 28695 moves. You were level 18 with a maximum of 133 hit points when you died.